 Dungeon Crawl Stone Soup version 0.30-a0-610-gb513c0a51f (webtiles) character file.

Game seed: 357478157054516066

6087 M4edhros the Martial Artist (level 10, 0/68 HPs)
             Began as an Octopode Artificer on Jan 8, 2023.
             Was a Priest of Cheibriados.
             Slain by a troll (12 damage)
             ... on level 9 of the Dungeon.
             The game lasted 00:21:14 (5885 turns).

M4edhros the Martial Artist (Octopode Artificer)    Turns: 5885, Time: 00:21:14

Health: 0/68       AC:  5    Str: 19    XL:     10   Next: 88%
Magic:  10/10      EV: 36    Int: 27    God:    Cheibriados [***...]
Gold:   566        SH: 13    Dex: 24    Spells: 4/9 levels left

rFire   . . .      SeeInvis .      - Unarmed
rCold   . . .      Faith    .    p - +1 kite shield
rNeg    . . .      Spirit   .    (helmet restricted)
rPois   +          Reflect  .    K - amulet "Tioruv Iduo" {Acrobat rPois rCorr Int+4}
rElec   .          Harm     .    e - +5 ring of evasion
rCorr   +          Rampage  .    l - +4 ring of protection
Will    .....                    j - ring of flight
Stlth   +++++                    k - ring of flight
HPRegen 0.31/turn                (no ring)
MPRegen 0.12/turn                (no ring)
                                 (no ring)
                                 (no ring)

@: about to teleport, acrobatic, flying, very slow
A: almost no armour, amphibious, 8 rings, camouflage 1, gelatinous body 1,
(nimble swimmer 1), tentacles
a: Renounce Religion, Bend Time, Temporal Distortion


You were on level 9 of the Dungeon.
You worshipped Cheibriados.
Cheibriados was most pleased with you.
You visited 2 branches of the dungeon, and saw 11 of its levels.

You collected 566 gold pieces.

Inventory:

Hand Weapons
 y - a +1 mace of protection
Missiles
 m - 5 atropa-tipped darts
 q - 7 poisoned darts
Armour
 p - a +1 kite shield (worn)
Magical Staves
 r - a staff of earth
Jewellery
 e - a +5 ring of evasion (left tentacle)
 j - a ring of flight (on tentacle)
 k - a ring of flight (on tentacle)
 l - a +4 ring of protection (right tentacle)
 K - the amulet "Tioruv Iduo" (around mantle) {Acrobat rPois rCorr Int+4}
   (You found it on level 9 of the Dungeon)

   [amulet of the acrobat]

   It increases your evasion while moving and waiting.
   Int:       It affects your intelligence (+4).
   rPois:     It protects you from poison.
   rCorr:     It protects you from acid and corrosion.
Wands
 b - a wand of flame (6) (quivered)
 f - a wand of acid (6)
 v - a wand of polymorph (8)
 H - a wand of digging (1)
 J - a wand of roots (3)
Scrolls
 a - a scroll of amnesia {unknown}
 i - 3 scrolls of fog {unknown}
 n - 3 scrolls of immolation
 o - 10 scrolls of identify
 s - 3 scrolls of teleportation
 A - a scroll of enchant weapon {unknown}
 B - a scroll of fear {unknown}
 C - a scroll of blinking {unknown}
 D - a scroll of noise {unknown}
Potions
 g - 2 potions of cancellation {unknown}
 h - 3 potions of lignification {unknown}
 t - a potion of mutation {unknown}
 u - 2 potions of attraction {unknown}
 w - 3 potions of flight {unknown}
 x - 3 potions of haste {unknown}
 z - 2 potions of degeneration {unknown}
 E - 3 potions of brilliance {unknown}
 F - a potion of resistance
 G - a potion of invisibility
 I - 2 potions of curing


   Skills:
 + Level 5.9 Fighting
 + Level 6.3 Dodging
 - Level 7.3 Stealth
 * Level 7.4 Shields
 * Level 8.4 Unarmed Combat
 * Level 4.1 Earth Magic
 - Level 5.4 Evocations


You had 4 spell levels left.
You knew the following spells:

 Your Spells              Type           Power      Damage    Failure   Level
a - Lee's Rapid Deconstr  Erth           11%        3d8*      83%         5

Your spell library contained the following spells:

 Spells                   Type           Power      Damage    Failure   Level
 Kindle Blastsparks       Fire/Tloc/Air  0%         2d10      65%         3
 Fulminant Prism          Conj/Hex       0%         3d5       96%         4
 Iskenderun's Mystic Bla  Conj/Tloc      0%         2d3       96%         4


Dungeon Overview and Level Annotations

Branches:
Dungeon (10/15)            Temple (1/1) D:5
   Lair: D:8-11         Orc: D:9-12

Altars:
Ashenzari
Cheibriados
Dithmenos
Elyvilon
Fedhas
Gozag
Hepliaklqana
Kikubaaqudgha
Makhleb
Nemelex Xobeh
Okawaru
Qazlal
Ru
Sif Muna
Trog
Uskayaw
Vehumet
Wu Jian
Xom
Yredelemnul
Zin
The Shining One

Annotations:
D:2 Sigmund


Innate Abilities, Weirdness & Mutations

You cannot wear most types of armour.
You are amphibious.
You can wear up to eight rings at the same time.
Your skin changes colour to match your surroundings (Stealth+).
Your rubbery body absorbs attacks. (AC +1, EV +1)
((You are camouflaged when in or above water. (Stealth+)))
You have tentacles for arms and can constrict up to eight enemies at once.


Message History

The bolt of acid hits the troll!!
The acid corrodes the troll!
You kill the troll!
Cheibriados thoroughly appreciates the change of pace.
The troll leather armour is intact enough to wear.
Things that are here:
a +0 troll leather armour; a troll corpse
Found a white potion.
Found a stone staircase leading down.
A troll comes into view.
The troll moves out of view.
x - 3 white potions (gained 1)
A killer bee comes into view.
There is a stone staircase leading down here.
The killer bee buzzes angrily.
You hear an angry buzzing noise.
You fly downwards.
There is a stone staircase leading up here.
The black bear closely misses you. You block the black bear's attack.
The black bear closely misses you.
You fly upwards.
The killer bee buzzes angrily. x2
You block the killer bee's attack. x2; The killer bee completely misses you.
There is a stone staircase leading down here.
Okay, then.
Okay, then.
Okay, then.
Okay, then.
As you read the scroll of teleportation, it crumbles to dust.
You feel strangely unstable. You block the killer bee's attack.
A killer bee comes into view.
The killer bee closely misses you. The black bear misses you.
You block the black bear's attack. x2
The troll attacks as you move away! You block the troll's attack.
The troll claws you! x2
* * * LOW HITPOINT WARNING * * *
The killer bee stings you.
* * * LOW HITPOINT WARNING * * *
The killer bee closely misses you. The black bear bites you.
* * * LOW HITPOINT WARNING * * *
The black bear completely misses you. The black bear misses you.
The troll completely misses you. The troll claws you!
You die...

.# .# ..#
################..#
..y.....y.........###
......yy@............
......yTh............
############..#####
#..# #..# #..# #..#
#..# #..#


You could see a troll, a black bear and 5 killer bees.

Vanquished Creatures
  A kobold demonologist (D:10)
  A troll (D:9)
  3 yaks (D:7)
  2 steam dragons
  A basilisk (D:10)
  Edmund (D:5)
  An acid dragon (D:10)
  A water moccasin (D:8)
  A swamp drake (D:7)
  6 orc warriors
  A black bear (D:8)
  2 ice beasts
  2 ogres
  3 wolves (D:10)
  2 phantoms (D:5)
  2 kobold brigands
  4 centaurs
  A bullfrog (D:6)
  2 scorpions
  A gnoll sergeant (D:10)
  7 wights
  Dowan (D:7)
  9 killer bees
  7 howler monkeys
  4 hounds
  6 orc priests
  3 jellies (D:7)
  Natasha (D:4)
  2 iguanas
  4 orc wizards
  A mummy (D:6)
  A gnoll (D:6)
  5 adders
  A shadow imp (D:7)
  A white imp (D:8)
  2 ufetubi
  2 worms
  5 dart slugs
  23 orcs
  4 bats
  5 endoplasms
  2 giant cockroaches
  9 goblins
  3 hobgoblins
  5 jackals
  21 kobolds
  4 quokkas
  4 ball pythons
  3 frilled lizards
  A hobgoblin zombie (D:6)
  3 orc zombies (D:6)
  2 rats (D:1)
189 creatures vanquished.

Vanquished Creatures (collateral kills)
  2 yaks (D:7)
  An ogre (D:7)
  A centaur (D:10)
  A killer bee (D:9)
  A gnoll (D:6)
  2 orcs (D:7)
8 creatures vanquished.

Vanquished Creatures (others)
  A wyvern (D:10)
  A gnoll (D:6)
  2 fungi (D:10)
  15 plants (D:10)
19 creatures vanquished.

Grand Total: 216 creatures vanquished

Notes
Turn   | Place    | Note
-------+----------+-------------------------------------------
     0 | D:1      | M4edhros the Octopode Artificer began the quest for the
                  | Orb.
     0 | D:1      | Reached XP level 1. HP: 13/13 MP: 1/1
    74 | D:1      | Reached XP level 2. HP: 18/18 MP: 2/2
   219 | D:2      | Reached skill level 1 in Unarmed Combat
   394 | D:2      | Found a faded altar of an unknown god.
   399 | D:2      | Noticed Sigmund
   536 | D:4      | Found an ornate altar of the Wu Jian Council.
   600 | D:4      | Reached XP level 3. HP: 7/24 MP: 3/3
   601 | D:4      | Reached XP level 4. HP: 2/29 MP: 4/4
   602 | D:4      | Reached skill level 2 in Unarmed Combat
   767 | D:5      | Entered Level 5 of the Dungeon
   824 | D:5      | Noticed a +0 hand axe
   827 | D:5      | Noticed a +0 hand axe
   829 | D:5      | Found a hide-covered altar of Uskayaw.
   836 | D:5      | Identified the +4 short sword "Bedafiut" {elec, Dex+4
                  | Stlth+}
   852 | D:5      | Reached XP level 5. HP: 34/34 MP: 5/5
   866 | D:5      | Noticed a phantom
   888 | D:5      | Killed a phantom
   900 | D:5      | Reached skill level 3 in Unarmed Combat
   988 | D:5      | Found a burning altar of Makhleb.
  1010 | D:5      | Reached XP level 6. HP: 26/41 MP: 6/6
  1207 | D:5      | Found a glowing silver altar of Zin.
  1368 | D:6      | Found a basalt altar of Yredelemnul.
  1403 | D:6      | Found a broken altar of Ashenzari.
  1513 | D:6      | Reached XP level 7. HP: 43/45 MP: 7/7
  1534 | D:6      | Reached skill level 1 in Shields
  1624 | D:7      | Noticed a yak
  1624 | D:7      | Noticed a yak
  1624 | D:7      | Noticed a yak
  1624 | D:7      | Noticed a yak
  1624 | D:7      | Noticed a yak
  1630 | D:7      | Killed a yak
  1631 | D:7      | Reached skill level 4 in Unarmed Combat
  1631 | D:7      | Killed a yak
  1636 | D:7      | Killed a yak
  1637 | D:7      | Reached XP level 8. HP: 25/52 MP: 8/8
  1642 | D:7      | Killed a yak
  1643 | D:7      | Reached skill level 5 in Evocations
  1645 | D:7      | Reached skill level 5 in Stealth
  1650 | D:7      | Killed a yak
  1651 | D:7      | Reached skill level 5 in Unarmed Combat
  1818 | D:7      | Noticed Duvessa
  1836 | D:7      | Noticed Dowan
  1838 | D:7      | Duvessa changed into Duvessa the swamp drake
  1838 | D:7      | Noticed Duvessa
  1851 | D:7      | Killed Duvessa the swamp drake
  1855 | D:7      | Killed Dowan
  1866 | D:7      | Found an ancient bone altar of Kikubaaqudgha.
  1884 | D:7      | Reached XP level 9. HP: 32/58 MP: 9/9
  1898 | D:7      | Reached skill level 6 in Unarmed Combat
  1926 | D:7      | Reached skill level 5 in Dodging
  1958 | D:7      | Reached skill level 5 in Shields
  2033 | D:8      | Found a shimmering altar of Xom.
  2039 | D:8      | Noticed Joseph
  2343 | D:5      | Found a staircase to the Ecumenical Temple.
  2355 | Temple   | Entered the Ecumenical Temple
  2532 | D:5      | Noticed Edmund
  2548 | D:5      | Killed Edmund
  2800 | D:4      | Noticed Natasha
  2806 | D:4      | Killed Natasha
  2811 | D:4      | Reached skill level 5 in Fighting
  2811 | D:4      | Reached skill level 7 in Unarmed Combat
  2871 | D:4      | Found a snail-covered altar of Cheibriados.
  2882 | D:4      | Became a worshipper of Cheibriados the Contemplative
  3315 | D:2      | Learned a level 5 spell: Lee's Rapid Deconstruction
  3498 | D:1      | Reached * piety under Cheibriados
  3859 | D:3      | Found a shimmering blue altar of Sif Muna.
  4244 | D:4      | Reached ** piety under Cheibriados
  4245 | D:4      | Reached skill level 1 in Earth Magic
  4364 | D:5      | Found an opulent altar of Gozag.
  4422 | D:6      | Found a radiant altar of Vehumet.
  4970 | D:8      | Joseph changed into Joseph the black bear
  4970 | D:8      | Noticed Joseph
  4975 | D:8      | Killed Joseph the black bear
  4976 | D:8      | Reached XP level 10. HP: 66/66 MP: 10/10
  5173 | D:9      | Identified the amulet "Tioruv Iduo" {Acrobat rPois rCorr
                  | Int+4}
  5244 | D:9      | Noticed a two-headed ogre
  5542 | D:10     | Entered Level 10 of the Dungeon
  5627 | D:10     | Found a sparkling altar of Nemelex Xobeh.
  5689 | D:10     | Reached *** piety under Cheibriados
  5703 | D:10     | Noticed a kobold demonologist
  5705 | D:10     | Reached skill level 8 in Unarmed Combat
  5707 | D:10     | Killed a kobold demonologist
  5785 | D:10     | Noticed a two-headed ogre
  5804 | D:10     | Noticed a boulder beetle
  5834 | D:10     | Noticed a kobold demonologist
  5885 | D:9      | Slain by a troll

Illustrated notes

Levels and vault maps discovered:
D:1:      eino_arrival_water_cross, layout_loops_ring
D:2:      layout_basic, hellmonk_ecumenical_altar_zigzags, hangedman_decor_push,
          uniq_sigmund
D:3:      layout_basic, mainiacjoe_overflow_tiny_flanked
D:4:      layout_rooms, nicolae_wu_jian_wuxing_cycle,
          mainiacjoe_overflow_alcove_2, kennysheep_generic_room_2, uniq_natasha
D:5:      layout_loops_cross, pdpol_temple_overflow_zin_treasury_gozag_greed,
          lemuel_doored_altar, dancing_weapons_uskayaw,
          minmay_temple_entry_sparse_star, hangedman_decor_slide_cut,
          uniq_edmund
D:6:      layout_basic, mainiacjoe_overflow_alcove_1,
          lemuel_coloured_pillars_altar, lemuel_crystal_altar,
          kennysheep_flooded_box, minmay_mini_ossuary
D:7:      layout_loops_ring, mainiacjoe_overflow_cross_hatched, uniq_duvessa
D:8:      layout_basic, overflow_temple_1_default, uniq_joseph
D:9:      layout_long_grid, minivault_7
D:10:     minmay_quarter_circles, layout_basic, kennysheep_mini,
          minmay_lair_entry_grove
Temple:   kb_temple_of_zot

Skill      XL: |  1  2  3  4  5  6  7  8  9 10 |
---------------+-------------------------------+-----
Unarmed Combat | 1 2 3 4 5 7 8 |  8.4
Stealth        | 2 3 4 5 7 |  7.3
Fighting       | 2 3 4 5 |  5.9
Dodging        | 3 4 5 6 |  6.3
Evocations     | 4 5 |  5.4
Shields        | 2 4 6 7 |  7.4
Earth Magic    | 1 4 |  4.1

Action                   |  1- 3 |  4- 6 |  7- 9 | 10-12 || total
-------------------------+-------+-------+-------+-------++-------
Melee: Unarmed           |    57 |    62 |   258 |   128 ||   505
       Tentacles         |    14 |    16 |    67 |    29 ||   126
       Constrict         |    12 |    10 |    56 |    32 ||   110
       Punch             |     1 |     2 |    10 |     9 ||    22
Evoke: Wand              |     4 |     9 |    15 |    17 ||    45
  Use: Potion            |     1 |       |     7 |     1 ||     9
       Scroll            |       |       |     2 |     4 ||     6
 Stab: Sleeping          |     3 |     2 |    21 |     1 ||    27
       Distracted        |       |       |     2 |       ||     2
       Betrayed ally     |       |       |       |     1 ||     1
Armor: Skin              |     5 |     7 |    19 |    15 ||    46
Dodge: Dodged            |    40 |    49 |   118 |   131 ||   338
Block: Kite shield       |       |     2 |   134 |   121 ||   257

Table legend: (Time is in decaauts)
 A = Elapsed time spent in this place.
 B = Non-inter-level travel time spent in this place.
 C = Inter-level travel time spent in this place.
 D = Time resting spent in this place.
 E = Time spent auto-exploring this place.
 F = Levels seen in this place.
 G = Mean time per level.
                   A        B        C        D        E       F      G
               +--------+--------+--------+--------+--------+-----+--------+
         Total |   6959 |   6509 |    450 |    114 |   3601 |  11 |  632.6 |
       Dungeon |   6845 |   6411 |    434 |    114 |   3543 |  10 |  684.5 |
        Temple |    113 |     97 |     16 |      0 |     58 |   1 |  113.0 |
               +--------+--------+--------+--------+--------+-----+--------+

Top non-repeatable levels by time:
     D:5: 907 daAuts
     D:7: 841 daAuts
     D:6: 754 daAuts
     D:4: 738 daAuts
     D:9: 715 daAuts
     D:1: 695 daAuts
     D:2: 686 daAuts
     D:3: 635 daAuts
     D:8: 486 daAuts
    D:10: 383 daAuts
  Temple: 113 daAuts
